[Event "GambitGuide"]
[Site "Internet Chess Club"]
[Date "2014.10.31"]
[Round "1"]
[White "JSBach"]
[Black "youngjp"]
[Result "1-0"]
[ICCResult "Black checkmated"]
[WhiteElo "1640"]
[BlackElo "2054"]
[Opening "Vienna: `Frankenstein-Dracula' variation"]
[ECO "C27"]
[NIC "VG.02"]
[Time "20:47:57"]
[TimeControl "120+12"]

1. e4 e5 2. Nc3 Nf6 3. Bc4 Nxe4 4. Qh5 Nd6 5. Bb3 Nc6 6. Nb5 g6 7. Qf3 f5 8.
Qd5 Qe7 9. Nxc7+ Kd8 10. Nxa8 b6 11. d3 Bb7 12. Nxb6 axb6 13. Qf3 Kc7 14.
Be3 Nd4 15. Qh3 f4 16. Bxd4 exd4+ 17. Ne2 Bh6 18. Qxh6 Re8 19. O-O Qxe2 20.
Qxf4 g5 21. Qxd4 Nf5 22. Qc3+ Kb8 23. Rae1 Qg4 24. Rxe8+ Ka7 25. g3 Qf3 26.
Bd5 Bxd5 27. Qa3+ Kb7 28. Qa8+ Kc7 29. Qb8+ Kc6 30. Rc8+ Kb5 31. c4+ Kb4 32.
Qxb6+ Ka4 33. Qb5# {Black checkmated} 1-0

[Event "GambitGuide"]
[Site "Internet Chess Club"]
[Date "2014.10.31"]
[Round "1"]
[White "JSBach"]
[Black "youngjp"]
[Result "1-0"]
[ICCResult "Black resigns"]
[WhiteElo "1647"]
[BlackElo "2054"]
[Opening "Vienna: `Frankenstein-Dracula' variation"]
[ECO "C27"]
[NIC "VG.02"]
[Time "20:49:25"]
[TimeControl "120+12"]

1. e4 e5 2. Nc3 Nf6 3. Bc4 Nxe4 4. Qh5 Nd6 5. Bb3 Nc6 6. Nb5 g6 7. Qf3 f5 8.
Qd5 Qe7 9. Nxc7+ Kd8 10. Nxa8 b6 11. d3 Bb7 12. Nxb6 axb6 13. Qf3 e4 14.
dxe4 Nxe4 15. Be3 h5 16. Bxb6+ Kc8 17. Qe3 Bh6 18. f4 Re8 19. O-O-O g5 20.
Ne2 gxf4 21. Nxf4 Qe5 22. Rhf1 Nf6 23. Qxe5 Rxe5 24. Rd3 Re4 25. Rdf3 Ne5
26. Rc3+ Bc6 27. g3 h4 28. a4 hxg3 29. hxg3 Neg4 30. a5 Nh2 31. Rh1 Nfg4 32.
Bd5 Bxf4+ 33. gxf4 Rxf4 34. Bxc6 dxc6 35. a6 Ra4 36. Rxc6+ Kd7 37. Rc7+ Kd6
38. a7 Nf3 39. Rd1+ Ke5 40. Rc5+ Kf4 41. Ra5 {Black resigns} 1-0

[Event "GambitGuide"]
[Site "Internet Chess Club"]
[Date "2014.10.31"]
[Round "1"]
[White "JSBach"]
[Black "Antvenom"]
[Result "1-0"]
[ICCResult "Black resigns"]
[WhiteElo "1638"]
[BlackElo "1069"]
[Opening "Vienna: `Frankenstein-Dracula' variation"]
[ECO "C27"]
[NIC "VG.02"]
[Time "20:49:58"]
[TimeControl "120+12"]

1. e4 e5 2. Nc3 Nf6 3. Bc4 Nxe4 4. Qh5 Nd6 5. Bb3 Nc6 6. Nb5 g6 7. Qf3 f5 8.
Qd5 Qe7 9. Nxc7+ Kd8 10. Nxa8 b6 11. d3 Bb7 12. Nxb6 axb6 13. Qf3 Nd4 14.
Qh3 e4 15. Be3 exd3 16. O-O-O Ne2+ 17. Nxe2 dxe2 18. Rde1 Bg7 19. Rxe2 f4
20. Bxb6+ {Black resigns} 1-0

[Event "GambitGuide"]
[Site "Internet Chess Club"]
[Date "2014.10.31"]
[Round "1"]
[White "JSBach"]
[Black "youngjp"]
[Result "1-0"]
[ICCResult "Black resigns"]
[WhiteElo "1638"]
[BlackElo "2054"]
[Opening "Vienna: `Frankenstein-Dracula' variation"]
[ECO "C27"]
[NIC "VG.02"]
[Time "20:51:35"]
[TimeControl "120+12"]

1. e4 e5 2. Nc3 Nf6 3. Bc4 Nxe4 4. Qh5 Nd6 5. Bb3 Nc6 6. Nb5 g6 7. Qf3 f5 8.
Qd5 Qe7 9. Nxc7+ Kd8 10. Nxa8 b6 11. d3 Bb7 12. Nxb6 axb6 13. Qf3 Kc7 14. c3
Nb4 15. Qh3 Nc6 16. Bd5 e4 17. dxe4 Nxe4 18. Bf4+ d6 19. Ne2 g5 20. Qxf5 Nc5
21. Bxg5 Qe5 22. Qxe5 Nxe5 23. Bf6 Ned3+ 24. Kf1 Rg8 25. Bxg8 {Black
resigns} 1-0

[Event "GambitGuide"]
[Site "Internet Chess Club"]
[Date "2014.10.31"]
[Round "1"]
[White "JSBach"]
[Black "BraafPaard"]
[Result "1-0"]
[ICCResult "Black resigns"]
[WhiteElo "1638"]
[BlackElo "1500"]
[Opening "Vienna: `Frankenstein-Dracula' variation"]
[ECO "C27"]
[NIC "VG.02"]
[Time "20:47:27"]
[TimeControl "120+12"]

1. e4 e5 2. Nc3 Nf6 3. Bc4 Nxe4 4. Qh5 Nd6 5. Bb3 Nc6 6. Nb5 g6 7. Qf3 f5 8.
Qd5 Qe7 9. Nxc7+ Kd8 10. Nxa8 b6 11. d3 Nd4 12. Nh3 Bg7 13. Bg5 Bf6 14. Bxf6
Qxf6 15. O-O-O Bb7 16. Nxb6 Bxd5 17. Nxd5 Nxb3+ 18. axb3 Qe6 19. c4 h6 20.
Rhe1 g5 21. f4 e4 22. dxe4 fxe4 23. fxg5 hxg5 24. c5 Nf7 25. Rd4 Qg6 26.
Rdxe4 Rg8 27. Ne7 {Black resigns} 1-0

[Event "GambitGuide"]
[Site "Internet Chess Club"]
[Date "2014.10.31"]
[Round "1"]
[White "JSBach"]
[Black "yevlev87"]
[Result "1-0"]
[ICCResult "Black resigns"]
[WhiteElo "1638"]
[BlackElo "1200"]
[Opening "Vienna: `Frankenstein-Dracula' variation"]
[ECO "C27"]
[NIC "VG.02"]
[Time "20:50:01"]
[TimeControl "120+12"]

1. e4 e5 2. Nc3 Nf6 3. Bc4 Nxe4 4. Qh5 Nd6 5. Bb3 Nc6 6. Nb5 g6 7. Qf3 f5 8.
Qd5 Qe7 9. Nxc7+ Kd8 10. Nxa8 b6 11. d3 Bb7 12. Nxb6 axb6 13. Qf3 e4 14.
dxe4 Nxe4 15. Be3 Qb4+ 16. c3 Nxc3 17. Bg5+ Kc7 18. bxc3 Ne5 19. Qxb7+ Kxb7
20. Bd5+ Kc7 21. cxb4 Nd3+ 22. Kd2 Nxf2 23. Bf6 Bg7 24. Bxg7 Re8 25. Rc1+
Kb8 26. Ne2 Nxh1 27. Rxh1 {Black resigns} 1-0

[Event "GambitGuide"]
[Site "Internet Chess Club"]
[Date "2014.10.31"]
[Round "1"]
[White "JSBach"]
[Black "youngjp"]
[Result "0-1"]
[ICCResult "White checkmated"]
[WhiteElo "1637"]
[BlackElo "2054"]
[Opening "Vienna: `Frankenstein-Dracula' variation"]
[ECO "C27"]
[NIC "VG.02"]
[Time "20:52:33"]
[TimeControl "120+12"]

1. e4 e5 2. Nc3 Nf6 3. Bc4 Nxe4 4. Qh5 Nd6 5. Bb3 Nc6 6. Nb5 g6 7. Qf3 f5 8.
Qd5 Qe7 9. Nxc7+ Kd8 10. Nxa8 b6 11. d3 Bb7 12. Nxb6 axb6 13. Qf3 Nd4 14.
Qh3 Bg7 15. Be3 f4 16. Bxd4 exd4+ 17. Ne2 Re8 18. Qg4 h5 19. Bf7 hxg4 20.
Bxe8 f3 21. gxf3 Bxf3 22. O-O Nxe8 23. Ng3 Qh4 24. a4 Qh3 25. Rae1 Qg2#
{White checkmated}
0-1

[Event "GambitGuide"]
[Site "Internet Chess Club"]
[Date "2014.10.31"]
[Round "1"]
[White "JSBach"]
[Black "Antvenom"]
[Result "1-0"]
[ICCResult "Black checkmated"]
[WhiteElo "1637"]
[BlackElo "1069"]
[Opening "Vienna: `Frankenstein-Dracula' variation"]
[ECO "C27"]
[NIC "VG.02"]
[Time "20:52:16"]
[TimeControl "120+12"]

1. e4 e5 2. Nc3 Nf6 3. Bc4 Nxe4 4. Qh5 Nd6 5. Bb3 Nc6 6. Nb5 g6 7. Qf3 f5 8.
Qd5 Qe7 9. Nxc7+ Kd8 10. Nxa8 b6 11. d3 Bb7 12. Nxb6 Nd4 13. Bg5 Qxg5 14.
Qxe5 Bxg2 15. Qxh8 Bxh1 16. Qxf8+ Kc7 17. Na8+ Kb7 18. Nh3 Nf3+ 19. Ke2 Qd2+
20. Kf1 Nxh2+ 21. Kg1 Nf3+ 22. Kxh1 Qb4 23. Bd5+ Ka6 24. Bxf3 Qh4 25. Qxd6+
Ka5 26. Qc5+ Ka6 27. Nc7# {Black checkmated} 1-0

[Event "GambitGuide"]
[Site "Internet Chess Club"]
[Date "2014.10.31"]
[Round "1"]
[White "JSBach"]
[Black "Heian"]
[Result "0-1"]
[ICCResult "White checkmated"]
[WhiteElo "1637"]
[BlackElo "1552"]
[Opening "Vienna: `Frankenstein-Dracula' variation"]
[ECO "C27"]
[NIC "VG.02"]
[Time "20:51:29"]
[TimeControl "120+12"]

1. e4 e5 2. Nc3 Nf6 3. Bc4 Nxe4 4. Qh5 Nd6 5. Bb3 Nc6 6. Nb5 g6 7. Qf3 f5 8.
Qd5 Qe7 9. Nxc7+ Kd8 10. Nxa8 b6 11. d3 Bb7 12. Nxb6 axb6 13. Qf3 Nd4 14.
Qg3 f4 15. Qg4 Qf6 16. Ba4 N6f5 17. c3 h5 18. Qh3 g5 19. cxd4 g4 20. Bxf4
gxh3 21. Bxe5 Qe7 22. Nxh3 Nxd4 23. f4 d6 24. Rc1 dxe5 25. Kf1 exf4 26. Re1
Qg7 27. Re8+ Kc7 28. Rg1 Qg4 29. Nf2 Qf5 30. Re1 b5 31. Rc1+ Bc6 32. Bd1 Kb6
33. a4 b4 34. Rc4 Bc5 35. Rc1 b3 36. Rc3 Bd5 37. Ne4 Bxe4 38. dxe4 Qxe4 39.
Rh1 Bb4 40. Kf2 Bxc3 41. bxc3 b2 42. Re1 b1=Q 43. Rxe4 Qxe4 44. a5+ Kxa5 45.
cxd4 Qe3+ 46. Kf1 Rc8 47. d5 Rc1 48. g3 Rxd1+ 49. Kg2 fxg3 50. Kh3 g2+ 51.
Kh4 g1=Q 52. Kxh5 Qgg5# {White checkmated} 0-1

[Event "GambitGuide"]
[Site "Internet Chess Club"]
[Date "2014.10.31"]
[Round "1"]
[White "JSBach"]
[Black "youngjp"]
[Result "1-0"]
[ICCResult "Black resigns"]
[WhiteElo "1623"]
[BlackElo "2054"]
[Opening "Vienna: `Frankenstein-Dracula' variation"]
[ECO "C27"]
[NIC "VG.02"]
[Time "20:53:28"]
[TimeControl "120+12"]

1. e4 e5 2. Nc3 Nf6 3. Bc4 Nxe4 4. Qh5 Nd6 5. Bb3 Nc6 6. Nb5 g6 7. Qf3 f5 8.
Qd5 Qe7 9. Nxc7+ Kd8 10. Nxa8 b6 11. d3 Bb7 12. Nxb6 axb6 13. Qf3 Kc7 14.
Be3 Nd4 15. Qh3 f4 16. Bxd4 exd4+ 17. Ne2 Bg7 18. Kf1 g5 19. Re1 Qf6 20. Ba4
f3 21. Qxd7+ Kb8 22. gxf3 Qxf3 23. Qxd6+ Ka7 24. Ng3 Qg2+ 25. Ke2 Qf3+ 26.
Kd2 g4 27. Re2 Rd8 28. Qxd8 Bh6+ 29. Kd1 Bf4 30. Re1 Bxg3 31. hxg3
{Black resigns}
1-0

[Event "GambitGuide"]
[Site "Internet Chess Club"]
[Date "2014.10.31"]
[Round "1"]
[White "JSBach"]
[Black "youngjp"]
[Result "1-0"]
[ICCResult "Black resigns"]
[WhiteElo "1623"]
[BlackElo "2054"]
[Opening "Vienna: `Frankenstein-Dracula' variation"]
[ECO "C27"]
[NIC "VG.02"]
[Time "20:54:43"]
[TimeControl "120+12"]

1. e4 e5 2. Nc3 Nf6 3. Bc4 Nxe4 4. Qh5 Nd6 5. Bb3 Nc6 6. Nb5 g6 7. Qf3 f5 8.
Qd5 Qe7 9. Nxc7+ Kd8 10. Nxa8 b6 11. d3 Bb7 12. Nxb6 axb6 13. Qf3 Kc7 14.
Bd2 Nd4 15. Qg3 Bg7 16. Bb4 f4 17. Qg4 Qf6 18. Ba4 h5 19. Qxd7+ {Black
resigns} 1-0

[Event "GambitGuide"]
[Site "Internet Chess Club"]
[Date "2014.10.31"]
[Round "1"]
[White "JSBach"]
[Black "ericsfriend"]
[Result "1-0"]
[ICCResult "Black checkmated"]
[WhiteElo "1623"]
[BlackElo "1153"]
[Opening "Vienna: `Frankenstein-Dracula' variation"]
[ECO "C27"]
[NIC "VG.02"]
[Time "20:54:50"]
[TimeControl "120+12"]

1. e4 e5 2. Nc3 Nf6 3. Bc4 Nxe4 4. Qh5 Nd6 5. Bb3 Nc6 6. Nb5 g6 7. Qf3 f5 8.
Qd5 Qe7 9. Nxc7+ Kd8 10. Nxa8 b6 11. d3 e4 12. dxe4 Nxe4 13. Be3 Bg7 14.
O-O-O Re8 15. Qxc6 Nxf2 16. Qc7# {Black checkmated} 1-0

[Event "GambitGuide"]
[Site "Internet Chess Club"]
[Date "2014.10.31"]
[Round "1"]
[White "JSBach"]
[Black "Heian"]
[Result "1-0"]
[ICCResult "Black resigns"]
[WhiteElo "1623"]
[BlackElo "1552"]
[Opening "Vienna: `Frankenstein-Dracula' variation"]
[ECO "C27"]
[NIC "VG.02"]
[Time "20:54:03"]
[TimeControl "120+12"]

1. e4 e5 2. Nc3 Nf6 3. Bc4 Nxe4 4. Qh5 Nd6 5. Bb3 Nc6 6. Nb5 g6 7. Qf3 f5 8.
Qd5 Qe7 9. Nxc7+ Kd8 10. Nxa8 b6 11. d3 Bb7 12. Nxb6 axb6 13. Qf3 Nd4 14.
Qg3 f4 15. Qg4 Nxb3 16. axb3 Qf6 17. Ra7 Kc7 18. d4 g5 19. Nf3 e4 20. Nxg5
Qxd4 21. c3 Qf6 22. Bxf4 h6 23. Nxe4 Qe6 24. Qxe6 dxe6 25. Bxd6+ Bxd6 26.
Nxd6 Kxd6 27. Rxb7 {Black resigns} 1-0

[Event "GambitGuide"]
[Site "Internet Chess Club"]
[Date "2014.10.31"]
[Round "1"]
[White "JSBach"]
[Black "BraafPaard"]
[Result "1-0"]
[ICCResult "Black resigns"]
[WhiteElo "1643"]
[BlackElo "1500"]
[Opening "Vienna: `Frankenstein-Dracula' variation"]
[ECO "C27"]
[NIC "VG.02"]
[Time "20:52:39"]
[TimeControl "120+12"]

1. e4 e5 2. Nc3 Nf6 3. Bc4 Nxe4 4. Qh5 Nd6 5. Bb3 Nc6 6. Nb5 g6 7. Qf3 f5 8.
Qd5 Qe7 9. Nxc7+ Kd8 10. Nxa8 b6 11. d3 f4 12. Ba4 Bb7 13. Nxb6 axb6 14. Qb3
Kc7 15. Nf3 Bg7 16. Bd2 h6 17. O-O g5 18. Rae1 g4 19. Bxc6 Bxc6 20. Nd4 Qf6
21. Nxc6 dxc6 22. Qa4 Rb8 23. Bc3 Kb7 24. Bxe5 {Black resigns} 1-0

[Event "GambitGuide"]
[Site "Internet Chess Club"]
[Date "2014.10.30"]
[Round "1"]
[White "JSBach"]
[Black "Roy"]
[Result "1-0"]
[ICCResult "Black resigns"]
[WhiteElo "1650"]
[BlackElo "1342"]
[Opening "Vienna: `Frankenstein-Dracula' variation"]
[ECO "C27"]
[NIC "VG.02"]
[Time "21:06:21"]
[TimeControl "120+12"]

1. e4 e5 2. Nc3 Nf6 3. Bc4 Nxe4 4. Qh5 Nd6 5. Bb3 Nc6 6. Nb5 g6 7. Qf3 f5 8.
Qd5 Qe7 9. Nxc7+ Kd8 10. Nxa8 b6 11. Ba4 Bh6 12. Bxc6 dxc6 13. Qd3 Bb7 14.
Qh3 Bg7 15. Nxb6 axb6 16. Qb3 Kc7 17. d3 e4 18. Be3 exd3 19. Qxb6+ Kc8 20.
Rd1 dxc2 21. Rc1 f4 22. Rxc2 fxe3 23. fxe3 Re8 24. Kf2 Ne4+ 25. Ke2 Qd7 26.
Nf3 Qc7 27. Qa7 Qb8 28. Qb6 Qc7 29. Qa7 Qb8 30. Qa5 Qa8 31. Qxa8+ Bxa8 32.
Rd1 Rd8 33. Rxd8+ Kxd8 34. a4 Bb7 35. Nd4 Ba6+ 36. Kf3 Ng5+ 37. Kg4 Bxd4 38.
exd4 Ne6 39. Rxc6 Bc8 40. Kg3 h5 41. d5 Nd4 42. Rxg6 Nf5+ 43. Kf2 Ke7 44. b4
Bb7 45. Re6+ Kd7 46. Re5 Nd4 47. Rxh5 Kd6 48. g4 Bxd5 49. h4 Ne6 50. a5 Nf4
51. Rh6+ Ke5 52. b5 Nd3+ 53. Ke3 Bc4 54. b6 Nc5 55. Rh5+ Kd6 56. Rxc5 Kxc5
57. b7 {Black resigns} 1-0

[Event "GambitGuide"]
[Site "Internet Chess Club"]
[Date "2014.10.31"]
[Round "1"]
[White "JSBach"]
[Black "ericsfriend"]
[Result "1-0"]
[ICCResult "Black resigns"]
[WhiteElo "1650"]
[BlackElo "1153"]
[Opening "Vienna: `Frankenstein-Dracula' variation"]
[ECO "C27"]
[NIC "VG.02"]
[Time "20:55:47"]
[TimeControl "120+12"]

1. e4 e5 2. Nc3 Nf6 3. Bc4 Nxe4 4. Qh5 Nd6 5. Bb3 Nc6 6. Nb5 g6 7. Qf3 f5 8.
Qd5 Qe7 9. Nxc7+ Kd8 10. Nxa8 b6 11. d3 Nb4 12. Bg5 Nxd5 13. Bxe7+ Bxe7 14.
Bxd5 Bb7 15. Bxb7 Nxb7 16. Nf3 e4 17. Ne5 Re8 18. Nf7+ Kc8 19. dxe4 Bg5 20.
Nxg5 fxe4 21. Nxh7 e3 22. Ke2 exf2+ 23. Kxf2 Kb8 24. Rhd1 Kxa8 25. Rxd7 Kb8
26. Re1 Ka8 27. Rxe8+ {Black resigns} 1-0

[Event "GambitGuide"]
[Site "Internet Chess Club"]
[Date "2014.10.31"]
[Round "1"]
[White "JSBach"]
[Black "graccus"]
[Result "1-0"]
[ICCResult "Black resigns"]
[WhiteElo "1650"]
[BlackElo "1364"]
[Opening "Vienna: `Frankenstein-Dracula' variation"]
[ECO "C27"]
[NIC "VG.02"]
[Time "20:48:08"]
[TimeControl "120+12"]

1. e4 e5 2. Nc3 Nf6 3. Bc4 Nxe4 4. Qh5 Nd6 5. Bb3 Nc6 6. Nb5 g6 7. Qf3 f5 8.
Qd5 Qe7 9. Nxc7+ Kd8 10. Nxa8 b6 11. d3 Bb7 12. Nxb6 axb6 13. Qf3 Nd4 14.
Qg3 f4 15. Qg4 Qf6 16. Ba4 Bc6 17. Bb3 h5 18. Qh3 g5 19. f3 g4 20. fxg4 hxg4
21. Qxg4 Rh6 22. Nf3 Rg6 23. Qh3 Rh6 24. Qg4 Rg6 25. Qh3 Rh6 26. Qg4 Rg6 27.
Qh3 Rh6 28. Qg4 Rg6 29. Qh3 Rh6 30. Qg4 Rg6 31. Qh3 Rh6 32. Qg4 Rg6 33. Qh3
N6f5 34. Rf1 Rh6 35. Qg4 Rg6 36. Qh3 Rh6 37. Qg4 Rg6 38. Qh3 Qg7 39. c3
Nxf3+ 40. gxf3 Qf6 41. Rf2 Rh6 42. Qg4 Rh4 43. Qg8 Ne3 44. Qf7 Qh6 45. Re2
Rxh2 46. Rxh2 Qxh2 47. Qxf8+ Kc7 48. Qg7 Qh1+ 49. Kd2 Qh2+ 50. Ke1 Qh4+ 51.
Ke2 Qh2+ 52. Ke1 Qh1+ 53. Kd2 Nf1+ 54. Kc2 Qh2+ 55. Kb1 Nd2+ 56. Bxd2 Qxd2
57. Qxe5+ Kb7 58. d4 Qd3+ 59. Kc1 Bxf3 60. Bd5+ Bxd5 61. Qxd5+ {Black
resigns} 1-0

[Event "GambitGuide"]
[Site "Internet Chess Club"]
[Date "2014.10.31"]
[Round "1"]
[White "JSBach"]
[Black "Antvenom"]
[Result "1-0"]
[ICCResult "Black checkmated"]
[WhiteElo "1641"]
[BlackElo "1069"]
[Opening "Vienna: `Frankenstein-Dracula' variation"]
[ECO "C27"]
[NIC "VG.02"]
[Time "20:54:14"]
[TimeControl "120+12"]

1. e4 e5 2. Nc3 Nf6 3. Bc4 Nxe4 4. Qh5 Nd6 5. Bb3 Nc6 6. Nb5 g6 7. Qf3 f5 8.
Qd5 Qe7 9. Nxc7+ Kd8 10. Nxa8 b6 11. d3 Bb7 12. Nxb6 axb6 13. Qf3 Nd4 14.
Qg3 f4 15. Qg4 h5 16. Qxg6 Rh7 17. Bd2 Rg7 18. Qxh5 Bxg2 19. Ba5 Kc7 20. Bc3
Bxh1 21. Nh3 Bg2 22. Bxd4 Bxh3 23. Kd2 Bg4 24. Qxe5 Qxe5 25. Bxe5 Re7 26. h3
Rxe5 27. hxg4 Rg5 28. Rg1 Nf5 29. Bd5 Nh4 30. c4 Bc5 31. Ke2 Kd6 32. a4 Ke5
33. b3 Kd4 34. Kd2 Ke5 35. Ke1 Kd4 36. Kd2 Rxd5 37. Rh1 Nf3+ 38. Ke2 Ng5 39.
cxd5 f3+ 40. Ke1 Kxd3 41. Rh5 Bb4+ 42. Kd1 Ne4 43. Rh2 Nc3+ 44. Ke1 Ne4+ 45.
Kf1 Nd2+ 46. Kg1 Bc5 47. Rh7 Ne4 48. Rxd7 Bxf2+ 49. Kf1 Bc5 50. Rf7 Ng3+ 51.
Ke1 f2+ 52. Rxf2 Bxf2+ 53. Kxf2 Ne4+ 54. Kf3 Nf6 55. d6 Nd7 56. b4 Kc4 57.
b5 Kb4 58. Kf4 Kxa4 59. g5 Kxb5 60. g6 Nf6 61. Kf5 Ng8 62. d7 Ne7+ 63. Kg5
Nc6 64. g7 Ka5 65. g8=Q b5 66. Qf8 b4 67. Qc5+ Ka4 68. Qxc6+ Ka3 69. d8=Q b3
70. Qa5+ Kb2 71. Qcc3+ Kb1 72. Qaa1# {Black checkmated} 1-0

[Event "GambitGuide"]
[Site "Internet Chess Club"]
[Date "2014.10.31"]
[Round "1"]
[White "JSBach"]
[Black "Heian"]
[Result "1-0"]
[ICCResult "Black resigns"]
[WhiteElo "1641"]
[BlackElo "1552"]
[Opening "Vienna: `Frankenstein-Dracula' variation"]
[ECO "C27"]
[NIC "VG.02"]
[Time "20:56:31"]
[TimeControl "120+12"]

1. e4 e5 2. Nc3 Nf6 3. Bc4 Nxe4 4. Qh5 Nd6 5. Bb3 Nc6 6. Nb5 g6 7. Qf3 f5 8.
Qd5 Qe7 9. Nxc7+ Kd8 10. Nxa8 b6 11. d3 Bb7 12. Nxb6 axb6 13. Qf3 Kc7 14.
Be3 Nd4 15. Qh3 Qf6 16. Bxd4 exd4 17. Nf3 g5 18. Qg3 h6 19. O-O f4 20. Qg4
Bg7 21. Rae1 Nf7 22. Ba4 Bc6 23. Bxc6 Kxc6 24. Qh5 Nd6 25. Ne5+ Kc7 26. Re2
Qf5 27. Rfe1 Re8 28. Nf3 Rxe2 29. Rxe2 Nf7 30. Re7 {Black resigns} 1-0

[Event "GambitGuide"]
[Site "Internet Chess Club"]
[Date "2014.10.31"]
[Round "1"]
[White "JSBach"]
[Black "SoWhat"]
[Result "1-0"]
[ICCResult "Black resigns"]
[WhiteElo "1641"]
[BlackElo "2305"]
[Opening "Vienna: `Frankenstein-Dracula' variation"]
[ECO "C27"]
[NIC "VG.02"]
[Time "20:55:37"]
[TimeControl "120+12"]

1. e4 e5 2. Nc3 Nf6 3. Bc4 Nxe4 4. Qh5 Nd6 5. Bb3 Nc6 6. Nb5 g6 7. Qf3 f5 8.
Qd5 Qe7 9. Nxc7+ Kd8 10. Nxa8 b6 11. d3 Bb7 12. Nxb6 axb6 13. Qf3 Nd4 14.
Qh3 e4 15. Be3 exd3 16. O-O-O Nxc2 17. Bxb6+ Kc8 18. Qxd3 Nb4 19. Qc3+ Nc6
20. Qxh8 Ne5 21. f4 Ndf7 22. Qxh7 Qf6 23. fxe5 Qxb6 24. Qxf7 Qc5+ 25. Bc2
Be4 26. Qe8+ Kb7 27. Rxd7+ Kb6 28. Qe6+ Bc6 29. Qxg6 Qe3+ 30. Kb1 Bh6 31.
Nf3 {Black resigns} 1-0

[Event "GambitGuide"]
[Site "Internet Chess Club"]
[Date "2014.10.31"]
[Round "1"]
[White "JSBach"]
[Black "youngjp"]
[Result "0-1"]
[ICCResult "White checkmated"]
[WhiteElo "1641"]
[BlackElo "2054"]
[Opening "Vienna: `Frankenstein-Dracula' variation"]
[ECO "C27"]
[NIC "VG.02"]
[Time "20:55:12"]
[TimeControl "120+12"]

1. e4 e5 2. Nc3 Nf6 3. Bc4 Nxe4 4. Qh5 Nd6 5. Bb3 Nc6 6. Nb5 g6 7. Qf3 f5 8.
Qd5 Qe7 9. Nxc7+ Kd8 10. Nxa8 b6 11. d3 Bb7 12. Nxb6 axb6 13. Qf3 Bg7 14.
Be3 Nd4 15. Qh3 f4 16. Bxd4 exd4+ 17. Kf1 Nf5 18. Ne2 Rf8 19. Nxf4 g5 20.
Re1 Qd6 21. Nh5 Ne3+ 22. Rxe3 dxe3 23. Nxg7 Rxf2+ 24. Ke1 Qb4+ 25. c3 Qf4
26. Qh6 Kc8 27. Qxb6 Rxg2 28. Qc5+ Kb8 29. Qf5 Rxb2 30. Qxf4+ gxf4 31. Rf1
f3 32. Nf5 Rb1+ 33. Bd1 e2 34. Ne3 Kc7 35. Rg1 Kb6 36. a4 Bc6 37. a5+ Ka6
38. d4 Ba4 39. Kf2 exd1=Q 40. Nxd1 Rxd1 41. Rg5 Rd2+ 42. Kxf3 Rxh2 43. Kg3
Rc2 44. Kf4 Rxc3 45. Rf5 Rc4 46. Ke3 Rb4 47. Rc5 Rb5 48. Rc3 Kxa5 49. Rc7
Rd5 50. Ra7+ Kb4 51. Ke4 Bc6 52. Kd3 h5 53. Rc7 h4 54. Rc8 Rh5 55. Rf8 h3
56. Rf4 h2 57. d5+ Kc5 58. dxc6 dxc6 59. Rf1 h1=Q 60. Rxh1 Rxh1 61. Kd2 Kd4
62. Kc2 c5 63. Kb2 c4 64. Ka2 c3 65. Kb3 Kd3 66. Kb4 Rb1+ 67. Ka3 c2 68. Ka2
Rb8 69. Ka3 c1=Q+ 70. Ka4 Qa1# {White checkmated} 0-1

[Event "GambitGuide"]
[Site "Internet Chess Club"]
[Date "2014.10.31"]
[Round "1"]
[White "JSBach"]
[Black "Antvenom"]
[Result "1-0"]
[ICCResult "Black resigns"]
[WhiteElo "1633"]
[BlackElo "1069"]
[Opening "Vienna: `Frankenstein-Dracula' variation"]
[ECO "C27"]
[NIC "VG.02"]
[Time "20:58:13"]
[TimeControl "120+12"]

1. e4 e5 2. Nc3 Nf6 3. Bc4 Nxe4 4. Qh5 Nd6 5. Bb3 Nc6 6. Nb5 g6 7. Qf3 f5 8.
Qd5 Qe7 9. Nxc7+ Kd8 10. Nxa8 b6 11. d3 Bb7 12. Nxb6 axb6 13. Qf3 Nd4 14.
Qh3 f4 15. Ba4 b5 16. Bb3 Nxb3 17. axb3 Nf5 18. Ra7 Bc6 19. Qg4 Nd4 20. c3
Nc2+ 21. Kf1 Qd6 22. d4 exd4 23. Bxf4 h5 24. Qg5+ Qe7 25. cxd4 Qxg5 26.
Bxg5+ Kc8 27. Bf6 b4 28. Bxh8 Bb5+ 29. Ne2 {Black resigns} 1-0

[Event "GambitGuide"]
[Site "Internet Chess Club"]
[Date "2014.10.31"]
[Round "1"]
[White "JSBach"]
[Black "ericsfriend"]
[Result "1-0"]
[ICCResult "Black checkmated"]
[WhiteElo "1633"]
[BlackElo "1153"]
[Opening "Vienna: `Frankenstein-Dracula' variation"]
[ECO "C27"]
[NIC "VG.02"]
[Time "20:57:45"]
[TimeControl "120+12"]

1. e4 e5 2. Nc3 Nf6 3. Bc4 Nxe4 4. Qh5 Nd6 5. Bb3 Nc6 6. Nb5 g6 7. Qf3 f5 8.
Qd5 Qe7 9. Nxc7+ Kd8 10. Nxa8 b6 11. d3 Nb4 12. Qf3 e4 13. dxe4 Bb7 14. Qc3
Bxa8 15. Qxh8 Qxe4+ 16. Ne2 Ke7 17. Bg5+ Ke8 18. Bh6 Qe7 19. Bxf8 Qxf8 20.
Qxh7 Ne4 21. O-O-O Nxf2 22. Qxd7# {Black checkmated} 1-0

[Event "GambitGuide"]
[Site "Internet Chess Club"]
[Date "2014.10.31"]
[Round "1"]
[White "JSBach"]
[Black "Antvenom"]
[Result "1-0"]
[ICCResult "Black resigns"]
[WhiteElo "1652"]
[BlackElo "1069"]
[Opening "Vienna: `Frankenstein-Dracula' variation"]
[ECO "C27"]
[NIC "VG.02"]
[Time "20:59:27"]
[TimeControl "120+12"]

1. e4 e5 2. Nc3 Nf6 3. Bc4 Nxe4 4. Qh5 Nd6 5. Bb3 Nc6 6. Nb5 g6 7. Qf3 f5 8.
Qd5 Qe7 9. Nxc7+ Kd8 10. Nxa8 b6 11. d3 Bb7 12. Nxb6 axb6 13. Qf3 Nd4 14.
Qg3 f4 15. Qg4 e4 16. Kf1 Nxb3 17. axb3 e3 18. Qxf4 e2+ 19. Nxe2 Bxg2+ 20.
Kxg2 Qxe2 21. Qf6+ Kc8 22. Ra8+ Kb7 23. Ra4 Qg4+ 24. Rxg4 {Black resigns}
1-0

[Event "GambitGuide"]
[Site "Internet Chess Club"]
[Date "2014.10.31"]
[Round "1"]
[White "JSBach"]
[Black "croder"]
[Result "1-0"]
[ICCResult "Black resigns"]
[WhiteElo "1652"]
[BlackElo "1604"]
[Opening "Vienna: `Frankenstein-Dracula' variation"]
[ECO "C27"]
[NIC "VG.02"]
[Time "20:59:19"]
[TimeControl "120+12"]

1. e4 e5 2. Nc3 Nf6 3. Bc4 Nxe4 4. Qh5 Nd6 5. Bb3 Nc6 6. Nb5 g6 7. Qf3 f5 8.
Qd5 Qe7 9. Nxc7+ Kd8 10. Nxa8 b6 11. d3 Bb7 12. Nxb6 axb6 13. Qf3 Kc7 14. c3
h6 15. Qg3 Qf6 16. Be3 Ne7 17. d4 e4 18. Ne2 g5 19. Qe5 Qxe5 20. dxe5 Ndc8
21. Rd1 Bg7 22. e6 d6 23. Bc4 f4 24. Bc1 d5 25. Bb5 Na7 26. Bd7 Bc6 27. Bxc6
Naxc6 28. h4 Bf6 29. hxg5 Bxg5 30. Bxf4+ Kb7 31. Bxg5 {Black resigns} 1-0

[Event "GambitGuide"]
[Site "Internet Chess Club"]
[Date "2014.10.31"]
[Round "1"]
[White "JSBach"]
[Black "SoWhat"]
[Result "1-0"]
[ICCResult "Black resigns"]
[WhiteElo "1652"]
[BlackElo "2305"]
[Opening "Vienna: `Frankenstein-Dracula' variation"]
[ECO "C27"]
[NIC "VG.02"]
[Time "21:00:22"]
[TimeControl "120+12"]

1. e4 e5 2. Nc3 Nf6 3. Bc4 Nxe4 4. Qh5 Nd6 5. Bb3 Nc6 6. Nb5 g6 7. Qf3 f5 8.
Qd5 Qe7 9. Nxc7+ Kd8 10. Nxa8 b6 11. d3 Bb7 12. Nxb6 axb6 13. Qf3 e4 14.
dxe4 Nd4 15. Qg3 Nxe4 16. Qb8+ Bc8 17. Qxb6+ Ke8 18. Qxd4 Nc3+ 19. Qe3
{Black resigns}
1-0

[Event "GambitGuide"]
[Site "Internet Chess Club"]
[Date "2014.10.31"]
[Round "1"]
[White "JSBach"]
[Black "Roy"]
[Result "1-0"]
[ICCResult "Black resigns"]
[WhiteElo "1652"]
[BlackElo "1342"]
[Opening "Vienna: `Frankenstein-Dracula' variation"]
[ECO "C27"]
[NIC "VG.02"]
[Time "20:57:41"]
[TimeControl "120+12"]

1. e4 e5 2. Nc3 Nf6 3. Bc4 Nxe4 4. Qh5 Nd6 5. Bb3 Nc6 6. Nb5 g6 7. Qf3 f5 8.
Qd5 Qe7 9. Nxc7+ Kd8 10. Nxa8 b6 11. d3 Bb7 12. Nxb6 axb6 13. Qf3 e4 14.
dxe4 Nxe4 15. Be3 Qb4+ 16. c3 Nxc3 17. Bg5+ Kc8 18. bxc3 Qa5 19. Rd1 Bc5 20.
Bd5 Re8+ 21. Kf1 Qxa2 22. Bxa2 {Black resigns} 1-0